 Dungeon Crawl Stone Soup version 0.27.1-34-g3ba077fa99 (webtiles) character file.

Game seed: 9714893167477943912

35 Thatpatchoflichen the Shooter (level 3, -1/20 HPs)
             Began as a Deep Elf Hunter on Jan 16, 2022.
             Succumbed to an adder's poison
             ... on level 2 of the Dungeon on Jan 18, 2022.
             The game lasted 00:04:22 (1907 turns).

Thatpatchoflichen the Shooter (Deep Elf Hunter)     Turns: 1907, Time: 00:04:23

Health: -1/20      AC:  3    Str:  9    XL:     3   Next: 16%
Magic:  5/5        EV: 12    Int: 15    God:
Gold:   77         SH:  0    Dex: 16    Spells: 2/2 levels left

rFire    . . .     SeeInvis .   i - +0 dagger (venom)
rCold    + . .     Faith    .   (no shield)
rNeg     . . .     Spirit   .   c - +0 leather armour
rPois    .         Reflect  .   (no helmet)
rElec    .         Harm     .   (no cloak)
rCorr    .         Rampage  .   (no gloves)
Will     .....                  (no boots)
Stlth    ++........             (no amulet)
HPRegen  0.06/turn              n - ring of protection from cold
MPRegen  0.09/turn              (no ring)

@: lethally poisoned (-1 -> -7)
A: no striking features
a: no special abilities


You were on level 2 of the Dungeon.
You visited 1 branch of the dungeon, and saw 2 of its levels.

You collected 77 gold pieces.

Inventory:

Hand Weapons
 a - a +1 shortbow
 b - a +0 short sword
 i - a +0 dagger of venom (weapon)
Missiles
 d - 19 arrows
Armour
 c - a +0 leather armour (worn)
Jewellery
 n - a ring of protection from cold (left hand)
Scrolls
 e - a scroll of immolation {unknown}
 g - a scroll of identify {unknown}
 h - a scroll of blinking {unknown}
 j - a scroll of noise {unknown}
 l - a scroll of amnesia {unknown}
 m - a scroll of teleportation {unknown}
Potions
 f - a potion of haste {unknown}
 k - a potion of degeneration {unknown}


   Skills:
 - Level 1.5 Fighting
 - Level 6.0 Bows
 + Level 3.4 Dodging
 - Level 2.0 Stealth


You had 2 spell levels left.
You didn't know any spells.
Your spell library contained the following spells:

 Spells                   Type           Power      Damage    Failure   Level
 Passage of Golubria      Tloc           N/A        N/A       98%         4
 Silence                  Hex/Air        0%         N/A       100%        5
 Lehudib's Crystal Spear  Conj/Erth      0%         10d2      100%        8


Dungeon Overview and Level Annotations

Branches:
Dungeon (2/15)

Altars:


Message History

You hit the adder.
The adder is lightly wounded.
The adder misses you.
A quokka comes into view.
You completely miss the adder.
The adder is lightly wounded.
The adder barely misses you. The adder bites you but does no damage.
You barely miss the adder.
The adder is lightly wounded.
The adder bites you but does no damage.
You closely miss the adder.
The adder is lightly wounded.
The adder bites you but does no damage.
You miss the adder.
The adder is lightly wounded.
The adder bites you.
You are poisoned.
The adder poisons you!
You closely miss the adder.
The adder is lightly wounded.
You feel sick. The adder barely misses you. The adder bites you.
You closely miss the adder.
The adder is lightly wounded.
You feel sick. The quokka bites you. The adder bites you.
* * * LOW HITPOINT WARNING * * *
You feel sick. The adder barely misses you.
You feel sick.
You are no longer poisoned.
The adder bites you.
* * * LOW HITPOINT WARNING * * *
The quokka closely misses you.
You hit the adder.
The adder is poisoned.
The adder is lightly wounded.
The adder bites you but does no damage. The adder bites you but does no damage.
The adder bites you.
* * * LOW HITPOINT WARNING * * *
You are lethally poisoned!
The adder poisons you!
You die...

....###.# .#.
#.....# ###.#
####..# #######...#
##.# #.......# #.#
#.#.....### #.#
##.#.......# #.#
#........###
##r######.#.....#
##.S.@....###.#.###
#########..#
#.....# #. .=...###
##.# #.#†#.# #.
####.# #.#
#.....#### #. #.#
#.#.#..# #. #.#
#......### #. #.#
#.........
#.#####.######
........#


You could see an adder (very poisoned) and a quokka.

Vanquished Creatures
  2 dart slugs (D:1)
  5 bats
  2 endoplasms (D:1)
  2 giant cockroaches (D:1)
  2 hobgoblins (D:1)
  3 kobolds (D:1)
  2 quokkas (D:1)
  A ball python (D:1)
  3 frilled lizards (D:1)
  4 goblins (D:1)
  2 rats
28 creatures vanquished.

Notes
Turn   | Place    | Note
-------+----------+-------------------------------------------
     0 | D:1      | Thatpatchoflichen the Deep Elf Hunter began the quest for
                  | the Orb.
     0 | D:1      | Reached XP level 1. HP: 12/12 MP: 3/3
   341 | D:2      | Found a faded altar of an unknown god.
   362 | D:1      | Reached XP level 2. HP: 16/16 MP: 4/4
  1503 | D:1      | Reached XP level 3. HP: 20/20 MP: 5/5
  1848 | D:2      | Reached skill level 6 in Bows
  1906 | D:2      | HP: 1/20 [adder (2)]
  1907 | D:2      | Succumbed to an adder's poison

Illustrated notes

Levels and vault maps discovered:
D:1:      dpeg_arrival_lava_temple_mockup, layout_loops_corners,
          chequers_avenue, minmay_misc_feat_cross
D:2:      layout_loops_ring, serial_co_window_serial, co_window_paths_b,
          co_window_paths_a, co_window_corner_a, co_window_paths_b,
          co_window_paths_a, co_window_paths_a, co_window_2corner,
          co_window_corner_cb, co_window_broadway_c, co_window_broadway_b,
          co_window_corner_b, co_window_paths_e, glass_columns_a,
          glass_columns_a, glass_columns_a, hellmonk_ecumenical_altar_lost_god,
          uniq_terence

Skill      XL: |  1  2  3 |
---------------+----------+-----
Stealth        | 2 |  2.0
Dodging        | 3 |  3.4
Bows           | 6 |  6.0
Fighting       | |  1.5

Action                   || total
-------------------------++-------
Melee: Short sword       ||    53
       Dagger            ||    32
 Fire: Shortbow          ||    14
Armor: Leather armour    ||    31
Dodge: Dodged            ||    65
